 Dungeon Crawl Stone Soup version 0.30-a0-779-g7971cf19c3 (webtiles) character file.

Game seed: 6628623798621200576

1095 Kenran the Ruffian (level 8, 72/78 HPs)
             Began as an Armataur Fighter on Feb 16, 2023.
             Quit the game on level 6 of the Dungeon on Feb 17, 2023.
             The game lasted 00:09:52 (3770 turns).

Kenran the Ruffian (Armataur Fighter)               Turns: 3770, Time: 00:09:54

Health: 72/78      AC:  9    Str: 23    XL:     8   Next: 10%
Magic:  7/7        EV:  5    Int:  9    God:
Gold:   269        SH:  4    Dex: 10    Spells: 7/7 levels left

rFire   x . .      SeeInvis +      - Unarmed
rCold   . . .      Faith    .    b - +0 buckler
rNeg    . . .      Spirit   .    w - +0 chain mail
rPois   .          Reflect  .    (helmet restricted)
rElec   .          Harm     .    (no cloak)
rCorr   .          Roll     +    d - +0 pair of gloves
Will    .....                    (no barding) Stlth
                                 h - amulet of regeneration
HPRegen 1.13/turn                j - ring of see invisible
MPRegen 0.10/turn                (no ring)

@: no status effects
A: large, rugged brown scales 3, deformed body, armoured tail, roll, long
tongue, awkward tongue, horns 1, low MP 1, robust 1, heat vulnerability 1,
inability to read after injury 1
a: no special abilities


You were on level 6 of the Dungeon.
You visited 1 branch of the dungeon, and saw 6 of its levels.

You collected 269 gold pieces.

Inventory:

Armour
 b - a +0 buckler (worn)
 d - a +0 pair of gloves (worn)
 e - a +0 helmet
 w - a +0 chain mail (worn)
Jewellery
 h - an amulet of regeneration (around neck)
 j - a ring of see invisible (left hand)
Wands
 A - a wand of mindburst (4)
Scrolls
 a - a scroll of poison {unknown}
 l - 2 scrolls of enchant armour
 p - a scroll of fog {unknown}
 r - a scroll of immolation {unknown}
 s - a scroll of brand weapon {unknown}
 u - a scroll of enchant weapon {unknown}
 v - a scroll of blinking {unknown}
 y - a scroll of fear {unknown}
 B - a scroll of amnesia {unknown}
 C - a scroll of identify {@r1}
Potions
 c - 3 potions of might
 f - a potion of lignification {unknown}
 g - 2 potions of heal wounds {@q2}
 i - a potion of attraction {unknown}
 k - 2 potions of haste
 m - a potion of flight {unknown}
 n - a potion of magic {unknown}
 o - a potion of brilliance {unknown}
 q - 2 potions of curing {unknown}
 t - a potion of cancellation
 z - 2 potions of experience {unknown}


   Skills:
 + Level 4.4 Fighting
 + Level 4.7 Armour
 - Level 3.2 Shields
 * Level 7.5 Unarmed Combat
 + Level 1.8 Evocations


You had 7 spell levels left.
You didn't know any spells.
Your spell library contained the following spells:

 Spells                   Type           Power      Damage    Failure   Level
 Sting                    Tmut/Pois      0%         1d3       98%         1
 Cigotuvi's Dreadful Rot  Necr/Pois/Air  0%         N/A       99%         2
 Poisonous Vapours        Pois/Air       0%         N/A       99%         2
 Call Canine Familiar     Summ           0%         N/A       100%        3
 Portal Projectile        Hex/Tloc       0%         N/A       100%        3
 Spider Form              Tmut/Pois      0%         N/A       100%        3
 Leda's Liquefaction      Hex/Erth       0%         N/A       100%        4
 Olgreb's Toxic Radiance  Pois           0%         N/A       100%        4
 Blade Hands              Tmut           0%         N/A       100%        5


Dungeon Overview and Level Annotations

Branches:
Dungeon (6/15)
 Temple: D:4-7

Altars:
Dithmenos
Fedhas


Innate Abilities, Weirdness & Mutations

You are completely covered in rugged brown scales. (AC +3, +7% HP)
Armour fits poorly on your strangely shaped body.
You have a long armoured tail.
You roll when moving toward enemies. (Rampage)
Your long tongue fully drains potion bottles. (2x potion effects)
Your tongue gives you trouble enunciating. (1.5x scroll delay)
You have a pair of small horns on your head.
Your magical capacity is low. (-10% MP)
You are robust. (+10% HP)
You are vulnerable to heat. (rF-)
You occasionally lose the ability to read scrolls when taking damage.


Message History

You closely miss the wight.
You headbutt the wight, but do no damage.
You tail-slap the wight.
The wight is almost destroyed.
The wight barely misses you.
You barely miss the wight.
The wight is almost destroyed.
The wight hits you with a +0 battleaxe!
You hit the wight.
You destroy the wight!
You have reached level 8!
You feel clever.
You hit the wight.
The wight is moderately damaged.
The wight hits you with a +0 hand axe.
You feel drained.
You punch the wight!
You destroy the wight!
Your life force feels restored.
Items here: )) [[.
Things that are here:
a +5 falchion; a +0 robe You start resting.
HP restored.
Okay, then.
Really quaff
x - a potion of mutation {!q}?
Really quaff the potion of mutation?
You slurp down every last drop of the potion of mutation {!q}!
You feel extremely strange. The horns on your head shrink away.
You no longer become unable to drink potions after taking damage.
You feel healthier.
You feel stronger.
You feel less energetic.
You occasionally lose the ability to read scrolls when taking damage.
You feel vulnerable to heat. A pair of horns grows on your head!
You feel robust.
Okay, then.
Saving game... please wait.
Welcome back, Kenran the Armataur Fighter.
Press ? for a list of commands and other information.
Okay, then.
Are you sure you want to abandon this character and quit the game? (Confirm with "yes".)

#.........###.#####
#.........##......#
..........##..###.#
####..............#
#......##..##..#
#..........##..#
####)####......# #.#
#####.## #.# #@#
##'## #.# ##...##
#[# ##.....## #[#
##.......## #..#
#.........# ..>.#
+.......<.+ .......
#.........###....##.
##.......## ###.## #


There were no monsters in sight!

Vanquished Creatures
  A water moccasin (D:5)
  An orc warrior (D:4)
  A centaur (D:6)
  A necrophage (D:5)
  2 scorpions (D:5)
  3 wights (D:6)
  2 hounds (D:5)
  4 jellies
  Jessica (D:2)
  2 iguanas
  2 orc wizards (D:5)
  8 gnolls
  3 adders
  3 ufetubi
  2 worms (D:3)
  2 dart slugs
  3 orcs (D:4)
  8 endoplasms
  A giant cockroach (D:3)
  4 goblins
  2 hobgoblins
  7 kobolds
  3 quokkas
  7 ball pythons
  2 bats
  A frilled lizard (D:3)
  7 rats
83 creatures vanquished.

Notes
Turn   | Place    | Note
-------+----------+-------------------------------------------
     0 | D:1      | Kenran the Armataur Fighter began the quest for the Orb.
     0 | D:1      | Reached XP level 1. HP: 19/19 MP: 1/1
    90 | D:1      | Reached skill level 2 in Unarmed Combat
   174 | D:1      | Reached XP level 2. HP: 12/26 MP: 2/2
  1120 | D:2      | Found a faded altar of an unknown god.
  1238 | D:2      | Noticed Jessica
  1253 | D:2      | Killed Jessica
  1254 | D:2      | Reached skill level 3 in Unarmed Combat
  1254 | D:2      | Reached XP level 3. HP: 32/32 MP: 3/3
  1860 | D:3      | Reached XP level 4. HP: 40/40 MP: 4/4
  1876 | D:3      | Reached skill level 4 in Unarmed Combat
  2131 | D:3      | Got the Anthology of the Polluted Shift
  2158 | D:3      | Found a blossoming altar of Fedhas.
  2534 | D:4      | Reached XP level 5. HP: 48/48 MP: 5/5
  2841 | D:4      | Reached skill level 5 in Unarmed Combat
  3008 | D:4      | Upgraded the game from 0.30-a0-778-g2ef04afb54 to
                  | 0.30-a0-779-g7971cf19c3
  3021 | D:5      | Entered Level 5 of the Dungeon
  3041 | D:5      | Reached XP level 6. HP: 53/54 MP: 6/6
  3054 | D:5      | Noticed a water moccasin
  3072 | D:5      | Gained mutation: You occasionally lose the ability to read
                  | scrolls when taking damage. [potion of mutation]
  3072 | D:5      | Gained mutation: Your tail ends in a venomous barb. [potion
                  | of mutation]
  3072 | D:5      | Gained mutation: Your mind is acute. (Int +4, Str/Dex -1)
                  | [potion of mutation]
  3089 | D:5      | Killed a water moccasin
  3119 | D:5      | Lost mutation: Your tail ends in a venomous barb. [potion
                  | of mutation]
  3119 | D:5      | Lost mutation: Your mind is acute. (Int +4, Str/Dex -1)
                  | [potion of mutation]
  3119 | D:5      | Lost mutation: You occasionally lose the ability to read
                  | scrolls when taking damage. [potion of mutation]
  3119 | D:5      | Gained mutation: You have hidden genetic defects. [potion
                  | of mutation]
  3119 | D:5      | Gained mutation: Your body sometimes deteriorates upon
                  | taking damage. [potion of mutation]
  3119 | D:5      | Gained mutation: You have a pair of small horns on your
                  | head. [potion of mutation]
  3236 | D:5      | Reached skill level 6 in Unarmed Combat
  3261 | D:5      | Gained mutation: You occasionally lose the ability to drink
                  | potions when taking damage. [hidden defects]
  3272 | D:5      | Reached XP level 7. HP: 63/63 MP: 7/7
  3292 | D:5      | Found a shadowy altar of Dithmenos.
  3347 | D:5      | Gained mutation: You are weak. (Str -2) [hidden defects]
  3347 | D:5      | Lost mutation: You have hidden genetic defects. [hidden
                  | defects expressed]
  3465 | D:5      | Identified the +3 ring mail of Nucesutz {rC+ Str-5 SInv}
  3501 | D:4      | Reached skill level 7 in Unarmed Combat
  3635 | D:5      | Reached skill level 1 in Evocations
  3725 | D:6      | Reached XP level 8. HP: 23/70 MP: 8/8
  3769 | D:6      | Lost mutation: You have a pair of small horns on your head.
                  | [potion of mutation]
  3769 | D:6      | Lost mutation: You occasionally lose the ability to drink
                  | potions when taking damage. [potion of mutation]
  3769 | D:6      | Lost mutation: Your body sometimes deteriorates upon taking
                  | damage. [potion of mutation]
  3769 | D:6      | Lost mutation: You are weak. (Str -2) [potion of mutation]
  3769 | D:6      | Gained mutation: Your magical capacity is low. (-10% MP)
                  | [potion of mutation]
  3769 | D:6      | Gained mutation: You occasionally lose the ability to read
                  | scrolls when taking damage. [potion of mutation]
  3769 | D:6      | Gained mutation: You are vulnerable to heat. (rF-) [potion
                  | of mutation]
  3769 | D:6      | Gained mutation: You have a pair of small horns on your
                  | head. [potion of mutation]
  3769 | D:6      | Gained mutation: You are robust. (+10% HP) [potion of
                  | mutation]
  3770 | D:6      | Quit the game

Illustrated notes

Levels and vault maps discovered:
D:1:      dpeg_arrival_chambers_temple_mockup, layout_basic
D:2:      layout_basic, shapermc_ecumenical_altar_venn, uniq_jessica
D:3:      layout_loops_cross, mainiacjoe_overflow_tiny_flanked
D:4:      layout_basic, abandoned_shop, dk_noncrumbling_4,
          minmay_misc_feat_ornament
D:5:      layout_cave_pools, grunt_dithmenos_smoke_and_mirrors, st_stairs_8
D:6:      layout_loops_corners

Skill      XL: |  1  2  3  4  5  6  7 |
---------------+----------------------+-----
Unarmed Combat | 2 3 4 5 6 7 |  7.5
Fighting       | 3 4 |  4.4
Armour         | 4 |  4.7
Evocations     | 1 |  1.8
Shields        | |  3.2

Action                     |  1- 3 |  4- 6 |  7- 9 || total
---------------------------+-------+-------+-------++-------
  Melee: Unarmed           |   100 |   145 |    73 ||   318
         Tailslap          |    11 |    19 |    15 ||    45
         Headbutt          |       |     4 |    11 ||    15
    Use: Scroll            |     4 |       |       ||     4
         Potion            |       |     5 |     1 ||     6
 Armour: Scale mail        |    33 |    27 |       ||    60
         Chain mail        |       |    40 |    28 ||    68
  Dodge: Dodged            |    22 |    54 |    18 ||    94
  Block: Buckler           |    10 |    33 |    11 ||    54

Table legend: (Time is in decaauts)
 A = Elapsed time spent in this place.
 B = Non-inter-level travel time spent in this place.
 C = Inter-level travel time spent in this place.
 D = Time resting spent in this place.
 E = Time spent auto-exploring this place.
 F = Levels seen in this place.
 G = Mean time per level.
                   A        B        C        D        E       F      G
               +--------+--------+--------+--------+--------+-----+--------+
         Total |   3754 |   3648 |    106 |    185 |   2303 |   6 |  625.7 |
       Dungeon |   3754 |   3648 |    106 |    185 |   2303 |   6 |  625.7 |
               +--------+--------+--------+--------+--------+-----+--------+

Top non-repeatable levels by time:
     D:1: 952 daAuts
     D:2: 839 daAuts
     D:3: 723 daAuts
     D:4: 559 daAuts
     D:5: 546 daAuts
     D:6: 132 daAuts
